 Dungeon Crawl Stone Soup version 0.21.1-1-g345015fe64 (webtiles) character file.

42 DildoBatman the Sneak (level 3, 0/29 HPs)
             Began as a Formicid Enchanter on Apr 2, 2018.
             Slain by a goblin
             ... wielding a +0 dagger
              (3 damage)
             ... on level 2 of the Dungeon.
             The game lasted 00:02:43 (1820 turns).

DildoBatman the Sneak (Formicid Enchanter)          Turns: 1820, Time: 00:02:44

Health: 0/29       AC:  2    Str: 13    XL:     3   Next: 77%
Magic:  6/6        EV: 12    Int: 14    God:
Gold:   40         SH:  0    Dex: 11    Spells: 2/6 levels left

rFire    . . .     SeeInvis +   a - +0 dagger (venom)
rCold    . . .     Gourm    .   (no shield)
rNeg     . . .     Faith    .   m - +0 robe
rPois    .         Spirit   .   (helmet unavailable)
rElec    .         Reflect  .   (no cloak)
rCorr    .         Harm     .   (no gloves)
MR       .....                  (no boots)
Stlth    ++........             (no amulet)
HPRegen  0.09/turn              (no ring)
MPRegen  0.10/turn              (no ring)

@: no status effects
A: permanent stasis, dig shafts and tunnels, four strong arms, antennae 3
a: Dig, Shaft Self


You were on level 2 of the Dungeon.
You were not hungry.

You visited 1 branch of the dungeon, and saw 2 of its levels.

You collected 40 gold pieces.

Inventory:

Hand Weapons
 a - a +0 dagger of venom (weapon)
 b - a +1 dagger
 h - a +0 mace of holy wrath
Missiles
 e - 18 bolts
 l - 21 stones (quivered)
Armour
 m - a +0 robe (worn)
Scrolls
 d - a scroll of identify {unknown}
 i - a scroll of fear {unknown}
 j - a scroll of remove curse {unknown}
Potions
 f - a potion of mutation {unknown}
 g - a potion of haste {unknown}
 n - a potion of curing {unknown}
Books
 c - a book of Maledictions

   Spells                             Type                      Level
   a - Corona                         Hexes                        1
   b - Ensorcelled Hibernation        Hexes/Ice                    2
   c - Confuse                        Hexes                        3
   d - Tukima's Dance                 Hexes                        3
   e - Dazzling Spray                 Conjuration/Hexes            3
Comestibles
 k - 3 chunks of flesh
 v - 2 rations


   Skills:
 - Level 3.0 Fighting
 - Level 1.0 Short Blades
 * Level 0.4 Armour
 * Level 1.9 Dodging
 * Level 3.8 Stealth
 - Level 2.1 Spellcasting
 - Level 3.6 Hexes


You had 2 spell levels left.
You knew the following spells:

 Your Spells              Type           Power        Failure   Level  Hunger
a - Corona                Hex            ##.....      5%          1    #......
b - Confuse               Hex            ##......     16%         3    ###....


Dungeon Overview and Level Annotations

Branches:
Dungeon (2/15)

Altars:

Annotations:
D:1 1 runed door


Innate Abilities, Weirdness & Mutations

You cannot be hasted, slowed, berserked, paralysed or teleported.
You can dig through walls and to a lower floor.
Your four strong arms can wield two-handed weapons with a shield.
You have a pair of large antennae on your head. (SInv)


Message History

The goblin hits you with a dagger.
You closely miss the jackal. The jackal barely misses you.
You hit the jackal.
The jackal is poisoned.
The jackal is moderately wounded.
The jackal bites you. The goblin closely misses you.
The jackal closely misses you.
You hit the jackal.
The jackal is heavily wounded.
The goblin closely misses you. The jackal barely misses you.
You completely miss the jackal.
The jackal is heavily wounded.
You kill the jackal!
The goblin barely misses you.
You closely miss the goblin. The goblin hits you with a dagger.
You die...

#... .# ...
.# ... /#
.. .# #. .#
##.#.######
#.#†.......
#.@g# ##)†#
#..# #..#
#..# #<.#
#........
#.######.
...


You could see a goblin.

Vanquished Creatures
  A worm (D:2)
  A dart slug (D:1)
  3 giant cockroaches (D:1)
  8 goblins
  4 hobgoblins (D:1)
  4 jackals (D:2)
  A ball python (D:1)
  3 bats (D:1)
  A frilled lizard (D:1)
  5 kobolds (D:1)
  2 rats (D:1)
33 creatures vanquished.

Notes
Turn   | Place    | Note
-------+----------+-------------------------------------------
     0 | D:1      | DildoBatman the Formicid Enchanter began the quest for the Orb.
     0 | D:1      | Reached XP level 1. HP: 13/13 MP: 3/3
     1 | D:1      | Found a runed door.
   290 | D:1      | Reached skill level 1 in Fighting
   387 | D:1      | Reached XP level 2. HP: 17/22 MP: 1/5
  1213 | D:1      | Reached XP level 3. HP: 27/28 MP: 4/6
  1225 | D:1      | Learned a level 3 spell: Confuse
  1820 | D:2      | Slain by a goblin

Skill      XL: |  1  2  3 |
---------------+----------+-----
Fighting       | 1 2 3 |  3.0
Short Blades   | |  1.0
Armour         | |  0.4
Dodging        | |  1.9
Stealth        | |  3.8
Spellcasting   | |  2.1
Hexes          | |  3.6

Action                   || total
-------------------------++-------
Melee: Dagger            ||   135
 Cast: Corona            ||    23
 Stab: Sleeping          ||     3
  Eat: Chunk             ||     3
Armor: Robe              ||    25
Dodge: Dodged            ||    88
